 Dungeon Crawl Stone Soup version 0.17-a0-18-gc25b939 (console) character file.

12 MrRokkomies the Grasshopper (level 2, 0/19 HPs)
             Began as a High Elf Warper on Mar 10, 2015.
             Slain by Robin
             ... wielding a +2 falchion of slicing
              (4 damage)
             ... on level 1 of the Dungeon.
             The game lasted 00:02:45 (822 turns).

MrRokkomies the Grasshopper (High Elf Warper)        Turns: 822, Time: 00:02:45

Health: 0/19       AC:  4    Str: 10    XL:     2   Next: 20%
Magic:  3/6        EV: 12    Int: 16    God:
Gold:   44         SH:  0    Dex: 14    Spells: 3 memorised, 0 levels left

rFire  . . .     SeeInvis .     a - +1 falchion
rCold  . . .     Clarity  .     b - +0 leather armour
rNeg   . . .     SustAb   .     (no shield)
rPois  .         Gourm    .     m - +0 helmet
rElec  .         Spirit   .     (no cloak)
rCorr  .         Warding  .     (no gloves)
rMut   .         Stasis   .     (no boots)
MR     .....                    (no amulet)
Stlth  +.........               (no ring)
                                (no ring)

@: shrouded, very slightly contaminated, hasted, very quick, not resistant to
hostile enchantments, very unstealthy
A: no striking features
a: no special abilities


You were on level 1 of the Dungeon.
You were not hungry.

You visited 1 branch of the dungeon, and saw 2 of its levels.

You collected 44 gold pieces.

Inventory:

Hand weapons
 a - a +1 falchion (weapon)
Missiles
 e - 5 tomahawks of dispersal (quivered)
 j - 12 stones
 p - 24 arrows
Armour
 b - a +0 leather armour (worn)
 m - a +0 helmet (worn)
Scrolls
 d - a scroll of blinking
Potions
 n - a potion of magic
 q - a potion of flight {unknown}
Books
 c - a book of Spatial Translocations

   Spells                             Type                      Level
   a - Apportation                    Translocation                1
   b - Blink                          Translocation                2
   c - Shroud of Golubria             Charms/Translocation         2
   d - Portal Projectile              Translocation                3
   e - Teleport Other                 Translocation                3
   f - Passage of Golubria            Translocation                4
Comestibles
 f - 2 bread rations
 l - 6 slices of pizza


   Skills:
 - Level 2.0 Fighting
 * Level 3.1 Long Blades
 - Level 1.1 Throwing
 - Level 0.8 Armour
 * Level 2.6 Dodging
 - Level 2.4 Spellcasting
 - Level 3.2 Translocations


You couldn't memorise any spells.
You knew the following spells:

 Your Spells              Type           Power        Failure   Level  Hunger
a - Apportation           Tloc           ##........   10%         1    #......
b - Blink                 Tloc           N/A          14%         2    ###....
c - Shroud of Golubria    Chrm/Tloc      #.........   24%         2    ###....


Dungeon Overview and Level Annotations

Branches:
Dungeon (2/15)

Altars:

Annotations:
D:1 Robin


Message History

The goblin closely misses you.
Drink which item? (? for menu, Esc to quit)
You feel yourself speed up. The goblin barely misses you.
You are very lightly contaminated with residual magic.
You slash the goblin!
You kill the goblin!
You hit the goblin.
You kill the goblin!
Your shroud bends Robin's attack away.
You see here a club.
You barely miss Robin.
Robin hits you with a falchion of slicing.
* * * LOW HITPOINT WARNING * * *
x2 You are too injured to fight recklessly!
You are too injured to fight recklessly!
You closely miss Robin. You slash Robin!
Robin is heavily wounded.
Robin hits you with a falchion of slicing.
You die...

..##..#....##........# #.##.#.#
#...#.#....##........# #....#.#
#...#......##........#######.#.#
....+......+..................>#
#...##.....##................###
#...###....##................#
#...# #....##................#
....# #....##........#######.####
...## #....##........#######.....
...# ###+###....g...##..........
...######..#####@######..........
..............##.# #..........
..............##.# ###..........
###...........##># #............
#...........##.# #............
#......(....##.# #............
###...........##.####............
.............###.#..........#####
........####.###.#..........#
........'..#.....#.........##
........##.#.....#.........#


You could see Robin.

Vanquished Creatures
  A ball python (D:1)
  2 bats (D:1)
  A giant cockroach (D:1)
  3 goblins
  A jackal (D:1)
  2 kobolds (D:1)
  2 rats (D:1)
12 creatures vanquished.

Notes
Turn   | Place    | Note
--------------------------------------------------------------
     0 | D:1      | MrRokkomies, the High Elf Warper, began the quest for the Orb.
     0 | D:1      | Reached XP level 1. HP: 14/14 MP: 4/4
   482 | D:1      | Reached XP level 2. HP: 13/19 MP: 6/6
   486 | D:1      | Learned a level 2 spell: Blink
   489 | D:1      | Learned a level 2 spell: Shroud of Golubria
   795 | D:2      | Noticed Robin
   822 | D:1      | Slain by Robin

Action                   || total
-------------------------++-------
Melee: Falchion          ||    51
 Cast: Blink             ||     1
       Shroud of Golubri ||     1
  Use: Scroll            ||     5
       Potion            ||     1
